 Dungeon Crawl Stone Soup version 0.19.5 (webtiles) character file.

84 Jerry the Chopper (level 4, -4/38 HPs)
             Began as a Hill Orc Gladiator on Mar 23, 2017.
             Killed by divine providence
             ... invoked by an orc priest
              (13 damage)
             ... on level 3 of the Dungeon on Mar 24, 2017.
             The game lasted 00:06:13 (1827 turns).

Jerry the Chopper (Hill Orc Gladiator)              Turns: 1827, Time: 00:06:13

Health: -4/38      AC:  7    Str: 18    XL:     4   Next: 45%
Magic:  4/4        EV: 10    Int:  8    God:
Gold:   182        SH:  0    Dex: 11    Spells: 0 memorised, 3 levels left

rFire  . . .     SeeInvis +     a - +0 war axe
rCold  . . .     Gourm    .     m - +0 scale mail
rNeg   . . .     Faith    .     (no shield)
rPois  .         Spirit   .     c - +0 helmet
rElec  .         Reflect  .     (no cloak)
rCorr  .         Harm     .     (no gloves)
MR     .....                    (no boots)
Stlth  ..........               (no amulet)
                                (no ring)
                                p - ring of see invisible

@: no status effects
A: no striking features
a: Convert to Beogh


You were on level 3 of the Dungeon.
You were not hungry.

You visited 1 branch of the dungeon, and saw 3 of its levels.

You collected 182 gold pieces.

Inventory:

Hand Weapons
 a - a +0 war axe (weapon)
Missiles
 d - 3 throwing nets (quivered)
Armour
 c - a +0 helmet (worn)
 m - a +0 scale mail (worn)
Jewellery
 p - a ring of see invisible (left hand)
Scrolls
 b - a scroll of noise {unknown}
 e - a scroll of recharging {unknown}
 g - a scroll of blinking {unknown}
 h - a scroll of remove curse {unknown}
 k - 2 scrolls of magic mapping {unknown}
 l - 2 scrolls of fear {unknown}
 n - 4 scrolls of identify {unknown}
 r - a scroll of teleportation {unknown}
 w - a scroll of random uselessness {unknown}
Potions
 j - a potion of agility {unknown}
 q - a potion of ambrosia {unknown}
 s - a potion of cure mutation {unknown}
 t - a potion of curing {unknown}
 v - a potion of beneficial mutation {unknown}
Comestibles
 f - a bread ration
 i - 3 beef jerkies
 o - a meat ration
 u - 7 chunks of flesh


   Skills:
 + Level 3.4 Fighting
 * Level 5.4 Axes
 - Level 1.7 Throwing
 + Level 2.1 Armour
 - Level 2.4 Dodging


You had 3 spell levels left.
You didn't know any spells.

Dungeon Overview and Level Annotations

Branches:
Dungeon (3/15)

Altars:
Elyvilon


Message History

The orc wizard hits you but does no damage.
The orc priest hits you but does no damage.
The orc wizard hits you with a dagger.
Your scale mail prevents you from hitting the orc priest.
The orc priest shouts, "Beogh is our master!
Accept the truth or die!"
The orc priest is moderately wounded.
You closely miss the orc wizard.
The orc wizard hits you but does no damage.
The orc priest calls upon Beogh to heal the orc wizard.
The orc wizard is healed somewhat.
The orc wizard closely misses you.
The orc priest casts a cantrip, but nothing happens.
You closely miss the orc priest.
The orc priest is moderately wounded.
You slash the orc wizard! The orc wizard casts a spell at you.
The puff of frost hits you!
* * * LOW HITPOINT WARNING * * *
The orc priest mumbles some strange prayers to Beogh against you.
Beogh smites you!
You die...

##P+....###
##PP....#######
#..P..........#
.#.P+.#.#####.# ##
##......# ##.###.#
#......#
#.#########....#.#
#...oo@..........#
######o..#########
+...+ #...# #...#
#...# #...# #...#


You could see an orc priest, an orc wizard and an orc.

Vanquished Creatures
  2 adders (D:2)
  2 oozes
  A worm (D:2)
  A dart slug (D:3)
  A leopard gecko (D:1)
  An orc (D:3)
  5 bats
  2 giant cockroaches
  7 goblins
  3 hobgoblins
  5 jackals (D:2)
  2 quokkas (D:2)
  2 ball pythons (D:2)
  4 frilled lizards
  4 kobolds
  8 rats
50 creatures vanquished.

Notes
Turn   | Place    | Note
-------+----------+-------------------------------------------
     0 | D:1      | Jerry the Hill Orc Gladiator began the quest for the Orb.
     0 | D:1      | Reached XP level 1. HP: 18/18 MP: 1/1
   233 | D:1      | Reached XP level 2. HP: 25/25 MP: 2/2
   351 | D:1      | Reached skill level 1 in Armour
   923 | D:2      | Reached XP level 3. HP: 31/31 MP: 3/3
   941 | D:2      | Found a white marble altar of Elyvilon.
  1178 | D:2      | Reached skill level 5 in Axes
  1495 | D:2      | Reached XP level 4. HP: 24/38 MP: 4/4
  1827 | D:3      | Killed from afar by an orc priest

Skill      XL: |  1  2  3  4 |
---------------+-------------+-----
Armour         | 1 2 |  2.1
Fighting       | 3 |  3.4
Axes           | 5 |  5.4
Throwing       | |  1.7
Dodging        | |  2.4

Action                   |  1- 3 |  4- 6 || total
-------------------------+-------+-------++-------
Melee: War axe           |   106 |    43 ||   149
  Eat: Chunk             |     2 |     1 ||     3
Armor: Leather armour    |    15 |       ||    15
       Scale mail        |    28 |    39 ||    67
Dodge: Dodged            |    82 |    29 ||   111
